 Dungeon Crawl Stone Soup version 0.31-a0-536-ga3e2962e35 (webtiles) character file.

Game seed: 10720733045945482116

3209 AdnanSaban the Basher (level 9, 0/55 HPs)
             Began as a Gargoyle Fighter on Aug 12, 2023.
             Was a Priest of Okawaru.
             Slain by an orc
             ... wielding a +0 falchion
              (4 damage)
             ... on level 6 of the Dungeon on Aug 13, 2023.
             The game lasted 00:09:44 (7034 turns).

AdnanSaban the Basher (Gargoyle Fighter)            Turns: 7034, Time: 00:09:45

Health: 0/55       AC: 23    Str: 31    XL:     9   Next: 97%
Magic:  9/9        EV:  9    Int:  4    God:    Okawaru [***...]
Gold:   342        SH:  6    Dex: 15    Spells: 8/8 levels left

rFire   + + +        A - +2 flail (protect)
rCold   + . .        c - +0 buckler
rNeg    + . .        x - +0 plate armour
rPois   ∞            v - +2 helmet "Mehadwos" {rElec rC+ Will+}
rElec   +            (no cloak)
rCorr   +            (no gloves)
SInv    .            (no boots)
Will    +....        (no amulet) Stlth
                     D - ring "Ezaurph" {rF+++ rCorr Int-4 Dex+6 Slay+2}
HPRegen 0.29/turn    n - +6 ring of strength
MPRegen 0.11/turn

%: no passive effects
@: no status effects
A: sickness immunity, AC +6, negative energy resistance 1, electricity
resistance, torment resistance 1, petrification resistance
a: Renounce Religion, Heroism


You were on level 6 of the Dungeon.
You worshipped Okawaru.
Okawaru was most pleased with you.
You visited 1 branch of the dungeon, and saw 7 of its levels.
You also visited: Sewer.

You collected 342 gold pieces.

Inventory:

Hand Weapons
 A - a +2 flail of protection (weapon)
 G - a +3 morningstar
Missiles
 o - 2 datura-tipped darts
 p - 8 boomerangs (quivered)
 K - a throwing net
Armour
 c - a +0 buckler (worn)
 v - the +2 helmet "Mehadwos" (worn) {rElec rC+ Will+}
   (You took it off Robin on level 3 of the Dungeon)

   rC+:       It protects you from cold.
   rElec:     It insulates you from electricity.
   Will+:     It increases your willpower.
 x - a +0 plate armour (worn)
Jewellery
 j - a ring of protection from cold
 n - a +6 ring of strength (right hand)
 s - a +5 ring of evasion
 D - the ring "Ezaurph" (left hand) {rF+++ rCorr Int-4 Dex+6 Slay+2}
   (You found it on level 6 of the Dungeon)

   [ring of dexterity]

   Int-4:     It affects your intelligence (-4).
   Dex+6:     It affects your dexterity (+6).
   Slay+2:    It affects your accuracy & damage with ranged weapons and melee
   (+2).
   rF+++:     It renders you almost immune to fire.
   rCorr:     It protects you from acid and corrosion.
 I - a ring of willpower
Wands
 b - a wand of acid (11)
 C - a wand of iceblast (5)
 F - a wand of flame (23)
Scrolls
 a - 2 scrolls of fear {unknown}
 e - a scroll of poison {unknown}
 f - a scroll of torment {unknown}
 g - a scroll of brand weapon {unknown}
 h - 3 scrolls of teleportation {unknown}
 i - 4 scrolls of fog {unknown}
 k - 6 scrolls of identify {unknown}
 t - 2 scrolls of amnesia {unknown}
 y - a scroll of revelation {unknown}
 B - 2 scrolls of immolation {unknown}
 J - a scroll of noise {unknown}
Potions
 d - a potion of might
 l - 2 potions of curing {unknown}
 m - 2 potions of cancellation {unknown}
 q - a potion of heal wounds {unknown}
 r - 2 potions of mutation {unknown}
 u - 2 potions of haste {unknown}
 w - a potion of lignification {unknown}
 z - a potion of degeneration {unknown}
 E - a potion of magic {unknown}
 H - a potion of attraction {unknown}


   Skills:
 + Level 5.9 Fighting
 + Level 9.4 Maces & Flails
 + Level 1.8 Throwing
 + Level 7.5 Armour
 + Level 2.5 Dodging
 + Level 1.0 Stealth
 + Level 6.5 Shields
 + Level 0.1 Invocations


You had 8 spell levels left.
You didn't know any spells.
Your spell library contained the following spells:

 Spells                   Type           Power      Damage    Failure   Level
 Alistair's Intoxication  Tmut/Pois      0%         N/A       100%        5
 Summon Small Mammal      Summ           Unusable   N/A       N/A         1
 Summon Ice Beast         Ice/Summ       Unusable   N/A       N/A         4
 Haunt                    Necr/Summ      Unusable   N/A       N/A         7

Dungeon Overview and Level Annotations

Branches:
Dungeon (7/15)              Sewer (visited)
 Temple: D:4-7

Altars:
Ashenzari
Cheibriados
Dithmenos
Hepliaklqana
Makhleb
Okawaru
Ru
Yredelemnul

Annotations:
D:7 Jeremiah


Innate Abilities, Weirdness & Mutations

You are immune to sickness and miasma.
Your stone body is resilient. (AC +6)
You are immune to poison.
You resist negative energy. (rN+)
You are resistant to electric shocks. (rElec)
You are resistant to unholy torment.
You are immune to petrification.


Message History

You barely miss the orc. The orc closely misses you.
An orc comes into view. It is wielding a +0 falchion.
You closely miss the orc. You block the orc's attack.
An orc wizard comes into view. It is wielding a +0 dagger.
You hit the orc.
Your weapon exudes an aura of protection.
The orc is heavily wounded.
The orc closely misses you.
The orc priest invokes the aid of Beogh against you.
Pain shoots through your body!
You bludgeon the orc!!
You kill the orc!
Okawaru accepts your kill.
The orc priest calls down the wrath of Beogh upon you.
Pain shoots through your body! The orc hits you but does no damage.
The orc priest invokes the aid of Beogh against you.
Beogh smites you!
An orc comes into view. It is wielding a +0 club.
The orc priest calls down the wrath of Beogh upon you.
Beogh smites you!
* * * LOW HITPOINT WARNING * * *
The orc attacks as you move away! The orc hits you but does no damage.
The orc wizard casts a spell.
The orc wizard flickers and vanishes!
Deactivating autopickup; reactivate with Ctrl-A.
The orc priest closely misses you. The orc attacks as you move away!
The orc hits you with a +0 falchion.
* * * LOW HITPOINT WARNING * * *
The orc priest invokes the aid of Beogh against you.
Pain shoots through your body!
* * * LOW HITPOINT WARNING * * *
There is a stone staircase leading up here.
You block the orc's attack.
You climb upwards.
Reactivating autopickup.
There is a stone staircase leading down here.
You barely miss the orc. You block the orc's attack.
You barely miss the orc. The orc hits you with a +0 falchion.
You die...

##.......<.##................#
.............................#
..........................#..#
....................#....#...###
....................#)...#.....#
....#..............[>).......###
.#.................[[[...##..#
.........................#..##
..#.............@............#
.##............o.......#....##
........<........##.#.....###
.......#.........####.###.###
#......#....#....##.#.#_#...#
.....................)~~†...#
...###..............#~≈~≈~.##
....###.#.)........##~≈.≈~##
...))#<.##...>.....##~≈≈≈~#


You could see an orc.

Vanquished Creatures
  Maggie (D:7)
  Grinder (D:2)
  Eustachio (D:4)
  A steam dragon (D:5)
  A water moccasin (D:5)
  3 orc warriors
  A black bear (D:5)
  A sky beast (D:6)
  Pargi (Sewer)
  An ogre (D:6)
  2 ice beasts
  A centaur (D:6)
  2 phantoms (D:5)
  A gnoll sergeant (D:6)
  A bullfrog (D:7)
  A scorpion (D:6)
  4 wights (D:6)
  A howler monkey (D:4)
  3 orc priests (D:7)
  6 hounds
  5 jellies
  An iguana (D:7)
  2 orc wizards
  Robin (D:3)
  13 gnolls
  A river rat (D:3)
  8 adders
  2 shadow imps
  3 ufetubi
  2 worms
  4 dart slugs
  17 orcs
  5 bats
  2 endoplasms
  6 giant cockroaches
  7 hobgoblins
  7 jackals
  3 quokkas
  6 ball pythons
  6 frilled lizards
  14 goblins
  5 kobolds
  3 rats
157 creatures vanquished.

Vanquished Creatures (others)
  An adder (D:5)
1 creature vanquished.

Grand Total: 158 creatures vanquished

Notes
Turn   | Place    | Note
-------+----------+-------------------------------------------
     0 | D:1      | AdnanSaban the Gargoyle Fighter began the quest for the
                  | Orb.
     0 | D:1      | Reached XP level 1. HP: 14/14 MP: 1/1
   143 | D:1      | Upgraded the game from 0.31-a0-524-g2a164cf6a2 to
                  | 0.31-a0-536-ga3e2962e35
   161 | D:1      | Reached XP level 2. HP: 18/19 MP: 2/2
   913 | D:2      | Reached XP level 3. HP: 21/23 MP: 3/3
   994 | D:2      | Identified the +1 leather armour of the Arcane {Harm Int+3
                  | Slay+2}
  1419 | D:2      | Found a faded altar of an unknown god.
  1497 | D:2      | Reached XP level 4. HP: 26/29 MP: 4/4
  1942 | D:3      | Noticed Grinder
  1956 | D:2      | Paralysed by Grinder for 2 turns
  1962 | D:2      | Paralysed by Grinder for 5 turns
  1994 | D:2      | Killed Grinder
  1995 | D:2      | Reached skill level 4 in Maces & Flails
  1995 | D:2      | Reached XP level 5. HP: 18/33 MP: 5/5
  1995 | D:2      | Reached XP level 6. HP: 20/38 MP: 6/6
  2178 | D:3      | Reached skill level 5 in Armour
  2253 | D:3      | Found an iron altar of Okawaru.
  2258 | D:3      | Became a worshipper of Warmaster Okawaru
  2264 | D:3      | Reached skill level 1 in Dodging
  2344 | D:3      | Found a glowing drain.
  2408 | Sewer    | Entered a sewer
  2453 | Sewer    | Noticed Pargi
  2463 | Sewer    | Killed Pargi
  2464 | Sewer    | Reached XP level 7. HP: 40/43 MP: 7/7
  3071 | D:3      | Identified the +2 helmet "Mehadwos" {rElec rC+ Will+}
  3071 | D:3      | Noticed Robin
  3149 | D:3      | Killed Robin
  3690 | D:4      | Reached skill level 5 in Maces & Flails
  3815 | D:4      | Noticed Eustachio
  3849 | D:4      | Killed Eustachio
  3849 | D:4      | Reached * piety under Okawaru
  3856 | D:4      | Identified the +3 hand axe of the Throat {venom, Int+6
                  | Dex+3}
  3948 | D:4      | Found a hazy altar of Hepliaklqana.
  3959 | D:4      | Reached XP level 8. HP: 41/48 MP: 8/8
  4204 | D:4      | Found a burning altar of Makhleb.
  4306 | D:5      | Entered Level 5 of the Dungeon
  4366 | D:5      | Reached skill level 6 in Maces & Flails
  4510 | D:5      | Reached skill level 5 in Shields
  4611 | D:5      | Reached ** piety under Okawaru
  4721 | D:5      | Reached skill level 5 in Fighting
  4793 | D:5      | Found a shadowy altar of Dithmenos.
  5289 | D:5      | Reached skill level 7 in Maces & Flails
  5360 | D:6      | Found a broken altar of Ashenzari.
  5401 | D:6      | Reached XP level 9. HP: 50/54 MP: 9/9
  5469 | D:6      | Reached *** piety under Okawaru
  5548 | D:6      | Identified the ring "Ezaurph" {rF+++ rCorr Int-4 Dex+6
                  | Slay+2}
  5597 | D:6      | Found a snail-covered altar of Cheibriados.
  5687 | D:6      | Got the Discourse on Production and the Figure
  5761 | D:6      | Reached skill level 8 in Maces & Flails
  5789 | D:6      | Reached skill level 1 in Stealth
  5995 | D:6      | Found a sacrificial altar of Ru.
  6090 | D:7      | Noticed Jeremiah
  6170 | D:6      | HP: 2/54 [orc/+0 short sword (2)]
  6578 | D:7      | Found a basalt altar of Yredelemnul.
  6707 | D:6      | Reached skill level 9 in Maces & Flails
  6779 | D:7      | Noticed Maggie
  6793 | D:7      | Killed Maggie
  6794 | D:7      | Reached skill level 1 in Throwing
  7029 | D:7      | HP: 2/55 [orc priest/nerve-wracking pain (4)]
  7034 | D:6      | Slain by an orc

Illustrated notes

Levels and vault maps discovered:
D:1:      amcnicky_arrival_abandoned_market, layout_basic, bh_walls_and_bars
D:2:      layout_basic, ebering_ecumenical_altar_mist, moated_statue
D:3:      kennysheep_goblin_castle, layout_loops_ring,
          mainiacjoe_overflow_24_doors, portal_sewer_entry_c,
          minmay_misc_feat_tiny, nicolae_concentric_dashed_squares_mild,
          uniq_robin, uniq_grinder
D:4:      layout_basic, general_overflow_altar, makhleb_heckhound_becter,
          minmay_fractal_squares_diagonal_5, uniq_eustachio
D:5:      layout_basic, nicolae_dithmenos_through_a_glass_darkly,
          nicolae_elevator_lobby_asterisk
D:6:      layout_cave_pools, evilmike_ruin_ashenzari,
          mainiacjoe_overflow_six_doors_small, kennysheep_slug_shrine,
          minmay_misc_feat_cross, chequers_arboretum
D:7:      layout_cave_pools, nicolae_overflow_crystal_walls, xom_teletrap_fun,
          tgw_sif, minmay_temple_entry_hall, hangedman_decor_points,
          eino_small_chamber_without_monster, uniq_jeremiah, uniq_maggie

Skill      XL: |  1  2  3  4  5  6  7  8  9 |
---------------+----------------------------+-----
Armour         | 4 5 6 7 |  7.5
Fighting       | 4 5 |  5.9
Maces & Flails | 4 5 7 9 |  9.4
Shields        | 4 5 6 |  6.5
Dodging        | 1 2 |  2.5
Stealth        | 1 |  1.0
Throwing       | 1 |  1.8
Invocations    | |  0.1

Action                     |  1- 3 |  4- 6 |  7- 9 || total
---------------------------+-------+-------+-------++-------
  Melee: Flail             |    74 |       |   235 ||   309
         Whip              |    18 |   155 |   272 ||   445
         Morningstar       |       |       |     8 ||     8
  Throw: Boomerang         |       |     6 |    19 ||    25
 Invoke: Heroism           |       |       |     1 ||     1
 Armour: Scale mail        |    58 |    84 |    75 ||   217
         Plate armour      |       |       |   245 ||   245
  Dodge: Dodged            |    52 |    76 |   267 ||   395
  Block: Buckler           |    24 |    41 |   131 ||   196

Table legend: (Time is in decaauts)
 A = Elapsed time spent in this place.
 B = Non-inter-level travel time spent in this place.
 C = Inter-level travel time spent in this place.
 D = Time resting spent in this place.
 E = Time spent auto-exploring this place.
 F = Levels seen in this place.
 G = Mean time per level.
                   A        B        C        D        E       F      G
               +--------+--------+--------+--------+--------+-----+--------+
         Total |   7041 |   6532 |    509 |    574 |   4442 |   8 |  880.1 |
       Dungeon |   6868 |   6359 |    509 |    574 |   4320 |   7 |  981.1 |
         Sewer |    172 |    172 |      0 |      0 |    121 |   1 |  172.0 |
               +--------+--------+--------+--------+--------+-----+--------+

Top non-repeatable levels by time:
     D:6: 1226 daAuts
     D:2: 1140 daAuts
     D:3: 1131 daAuts
     D:5: 1027 daAuts
     D:1: 971 daAuts
     D:4: 895 daAuts
     D:7: 476 daAuts
   Sewer: 172 daAuts
